 Dungeon Crawl Stone Soup version 0.23.2-33-g5129a83184 (webtiles) character file.

Game seed: 12152791124056006109

1799 Derp the Carver (level 8, -7/64 HPs)
             Began as a Demonspawn Berserker on July 16, 2019.
             Was a Believer of Trog.
             Mangled by Duvessa
             ... wielding a +0 short sword
              (12 damage)
             ... on level 5 of the Dungeon.
             The game lasted 00:13:33 (4253 turns).

Derp the Carver (Demonspawn Berserker)              Turns: 4253, Time: 00:13:33

Health: -7/64      AC: 12    Str: 20    XL:     8   Next: 83%
Magic:  17/17      EV: 12    Int:  8    God:    Trog [**....]
Gold:   286        SH:  2    Dex: 20    Spells: 7/7 levels left

rFire    . . .     SeeInvis .   a - +0 falchion
rCold    . . .     Gourm    .   (no shield)
rNeg     . . .     Faith    .   D - +0 ring mail of the End {MR+ MP+9 Dex+3}
rPois    .         Spirit   .   (helmet restricted)
rElec    .         Reflect  +   (no cloak)
rCorr    .         Harm     .   C - +0 pair of gloves
MR       +....                  p - +0 pair of boots
Stlth    +.........             j - +2 amulet of reflection
HPRegen  0.20/turn              h - +4 ring of dexterity
MPRegen  0.15/turn              m - +1 ring of protection

@: no status effects
A: antennae 1, thin metallic scales 2
a: Berserk, Trog's Hand, Renounce Religion


You were on level 5 of the Dungeon.
You worshipped Trog.
Trog was pleased with you.
You were not hungry.

You visited 1 branch of the dungeon, and saw 5 of its levels.

You collected 286 gold pieces.

Inventory:

Hand Weapons
 a - a +0 falchion (weapon)
Armour
 p - a +0 pair of boots (worn)
 A - a +0 plate armour
 C - a +0 pair of gloves (worn)
 D - the +0 ring mail of the End (worn) {MR+ MP+9 Dex+3}
   (You found it on level 5 of the Dungeon)

   It affects your dexterity (+3).
   It affects your resistance to hostile enchantments.
   It affects your magic capacity (+9).
Jewellery
 h - a +4 ring of dexterity (left hand)
 j - a +2 amulet of reflection (around neck)
 k - an uncursed ring of fire
 m - a +1 ring of protection (right hand)
 x - an uncursed amulet of rage
Wands
 y - a wand of random effects (7)
Scrolls
 e - 3 scrolls of identify
 f - 2 scrolls of enchant weapon {unknown}
 g - 2 scrolls of remove curse
 n - a scroll of fear {unknown}
 q - a scroll of fog {unknown}
 r - 2 scrolls of amnesia {unknown}
 u - a scroll of random uselessness {unknown}
 v - 3 scrolls of enchant armour {unknown}
 B - a scroll of magic mapping {unknown}
Potions
 b - a potion of ambrosia
 d - a potion of degeneration {unknown}
 i - 5 potions of curing
 l - a potion of resistance {unknown}
 o - a potion of berserk rage {unknown}
 s - a potion of lignification {unknown}
 t - 2 potions of heal wounds {unknown}
 w - a potion of agility
 z - a potion of invisibility {unknown}
Comestibles
 c - 6 rations


   Skills:
 + Level 5.7 Fighting
 + Level 8.1 Long Blades
 + Level 5.3 Armour
 + Level 2.7 Dodging
 + Level 0.7 Stealth


You had 7 spell levels left.
You didn't know any spells.
Your spell library was empty.

Dungeon Overview and Level Annotations

Branches:
Dungeon (5/15)
 Temple: D:4-7

Altars:
Ashenzari
Elyvilon
Okawaru
Qazlal
Ru

Shops:
D:4 (

Annotations:
D:2 1 runed translucent door, Crazy Yiuf
D:5 Duvessa


Innate Abilities, Weirdness & Mutations

You have a pair of small antennae on your head.
You are mostly covered in thin metallic scales. (AC +3)


Message History

Duvessa barely misses you.
You hit Duvessa.
Duvessa is severely wounded.
You block Duvessa's attack.
You hit Duvessa.
Duvessa is almost dead.
Duvessa barely misses you. Duvessa hits you but does no damage.
You closely miss Duvessa.
Duvessa is almost dead.
Duvessa closely misses you.
You hit Duvessa.
Duvessa is almost dead.
Duvessa hits you with a +0 short sword.
* * * LOW HITPOINT WARNING * * *
Duvessa hits you with a +0 short sword!
* * * LOW HITPOINT WARNING * * *
You barely miss Duvessa.
Duvessa is almost dead.
Duvessa hits you with a +0 short sword!
You die...

### ##.# #
#.###.#.#p#### #.#
#..[.#...p..p...p.
#.# #.##
#..##.#.#####.####
#.# ..# #..# # #.####
#.# #.# #..# #.....
##### #.# #.# #..#
###### >...# #.# #.#
#..# #.#.# #.# #.#
#e.# ..#.#
#.####.###@.#
.##.###...........#
..#
.##..........###.###.
#.# .#############
#)# #. .. #.# .# ##
#.# #. . #.# .# #.#
#.# #.#. #.# .# ##.#
#.# #... #.#
.#########.### #.#
#..# #.#
.##..........##..#
#..######.####


You could see Duvessa (berserk).

Vanquished Creatures
  Pikel (D:5)
  Grinder (D:3)
  Sigmund (D:2)
  An ice beast (D:5)
  2 phantoms (D:4)
  An ogre (D:5)
  2 centaurs (D:5)
  A scorpion (D:5)
  A howler monkey (D:5)
  A bullfrog zombie (D:5)
  2 centaur skeletons (D:5)
  2 hounds
  An orc wizard (D:4)
  Ijyb (D:3)
  A worker ant (D:5)
  10 adders
  A worm (D:2)
  4 dart slugs
  5 leopard geckos
  5 orcs
  6 bats (D:1)
  7 giant cockroaches
  7 goblins
  9 hobgoblins
  2 jackals (D:2)
  6 kobolds
  2 quokkas
  2 ball pythons (D:1)
  3 frilled lizards (D:1)
  12 rats
  A plant (D:4)
101 creatures vanquished.

Vanquished Creatures (others)
  3 slaves (D:5)
  Dowan (D:5)
4 creatures vanquished.

Grand Total: 105 creatures vanquished

Notes
Turn   | Place    | Note
-------+----------+-------------------------------------------
     0 | D:1      | Derp the Demonspawn Berserker began the quest for the Orb.
     0 | D:1      | Reached XP level 1. HP: 18/18 MP: 1/1
   106 | D:1      | Gained mutation: You are partially covered in thin metallic
                  | scales. (AC +2) [demonic ancestry]
   106 | D:1      | Reached XP level 2. HP: 15/24 MP: 2/2
   107 | D:1      | Reached skill level 3 in Long Blades
   277 | D:1      | Gained mutation: You have a pair of small antennae on your
                  | head. [demonic ancestry]
   277 | D:1      | Reached XP level 3. HP: 8/29 MP: 3/3
   495 | D:1      | Reached ** piety under Trog
   766 | D:2      | Noticed Sigmund
   781 | D:2      | Killed Sigmund
   781 | D:2      | Reached skill level 4 in Long Blades
   781 | D:2      | Reached XP level 4. HP: 13/37 MP: 4/4
   781 | D:2      | Reached XP level 5. HP: 15/42 MP: 5/5
  1608 | D:2      | Found a shattered altar of Ashenzari.
  1631 | D:2      | Reached skill level 5 in Long Blades
  1847 | D:2      | Found a runed translucent door.
  1848 | D:2      | Noticed Crazy Yiuf
  1911 | D:2      | Gained mutation: You are mostly covered in thin metallic
                  | scales. (AC +3) [demonic ancestry]
  1911 | D:2      | Reached XP level 6. HP: 42/48 MP: 6/6
  2143 | D:3      | Found a white marble altar of Elyvilon.
  2169 | D:3      | Noticed Grinder
  2189 | D:3      | Paralysed by Grinder for 6 turns
  2211 | D:3      | Killed Grinder
  2369 | D:3      | Found an iron altar of Okawaru.
  2462 | D:3      | Noticed Ijyb
  2479 | D:3      | Killed Ijyb
  2479 | D:3      | Reached XP level 7. HP: 50/54 MP: 7/7
  2505 | D:3      | Found a sacrificial altar of Ru.
  2752 | D:3      | Found a faded altar of an unknown god.
  3018 | D:4      | Reached skill level 6 in Long Blades
  3394 | D:4      | Found Ehebaizu's Antique Weapon Boutique.
  3605 | D:5      | Entered Level 5 of the Dungeon
  3632 | D:5      | Noticed Dowan
  3632 | D:5      | Noticed Duvessa
  3854 | D:5      | Noticed Pikel
  3892 | D:5      | Killed Pikel
  3892 | D:5      | Reached skill level 5 in Fighting
  3892 | D:5      | Reached skill level 7 in Long Blades
  3892 | D:5      | Reached XP level 8. HP: 22/62 MP: 8/8
  3904 | D:5      | Got a smelly ring mail
  3915 | D:5      | Identified the +0 ring mail of the End {MR+ MP+9 Dex+3}
                  | (You found it on level 5 of the Dungeon)
  3962 | D:5      | Found a stormy altar of Qazlal.
  3984 | D:5      | Reached skill level 5 in Armour
  4068 | D:5      | Killed Dowan
  4118 | D:5      | Reached *** piety under Trog
  4173 | D:5      | Reached skill level 8 in Long Blades
  4253 | D:5      | Mangled by Duvessa

Skill      XL: |  1  2  3  4  5  6  7  8 |
---------------+-------------------------+-----
Long Blades    | 3 4 5 7 8 |  8.1
Dodging        | 2 |  2.7
Armour         | 2 3 4 5 |  5.3
Fighting       | 4 5 |  5.7
Stealth        | |  0.7

Action                   |  1- 3 |  4- 6 |  7- 9 || total
-------------------------+-------+-------+-------++-------
Melee: Falchion          |   117 |   179 |   318 ||   614
Invok: Trog's Hand       |       |     1 |     1 ||     2
       Berserk           |       |     1 |       ||     1
  Use: Scroll            |     1 |     1 |     1 ||     3
 Stab: Sleeping          |     1 |       |       ||     1
  Eat: Chunk             |       |     4 |       ||     4
       Ration            |       |     1 |     2 ||     3
Armor: Animal skin       |    20 |       |       ||    20
       Plate armour      |    57 |   102 |   152 ||   311
       Ring mail         |       |       |    23 ||    23
Dodge: Dodged            |    57 |    51 |    83 ||   191
Block: Other             |       |       |    15 ||    15
       Reflection        |       |       |     2 ||     2
       Rpst.: Falchion   |    20 |    18 |    25 ||    63
